 Dungeon Crawl Stone Soup version 0.25.0-9-g26727b657a (webtiles) character file.

Game seed: 3869522748968850938

37 DeadF the Sneak (level 3, -2/14 HPs)
             Began as a Felid Enchanter on June 18, 2020.
             Slain by an adder (5 damage)
             ... on level 2 of the Dungeon.
             The game lasted 00:08:09 (2392 turns).

DeadF the Sneak (Felid Enchanter)                   Turns: 2392, Time: 00:08:10

Health: -2/14      AC:  1    Str:  4    XL:     3   Next: 21%
Magic:  0/7        EV: 19    Int: 16    God:
Gold:   48         SH:  0    Dex: 17    Spells: 3/6 levels left
                                        Lives:  0   Deaths: 0

rFire    . . .     SeeInvis +     - Unarmed
rCold    . . .     Gourm    .   (shield unavailable)
rNeg     . . .     Faith    .   (armour unavailable)
rPois    .         Spirit   .   (helmet unavailable)
rElec    .         Reflect  .   (cloak unavailable)
rCorr    .         Harm     .   (gloves unavailable)
MR       .....                  (boots unavailable)
Stlth    +++.......             (no amulet)
HPRegen  0.04/turn              (no ring)
MPRegen  0.10/turn              (no ring)

@: mighty, lethally poisoned (-2 -> -9), very slightly contaminated, quick
A: very small, no armour, no weapons or thrown items, stealth, claws 1, fangs 3,
see invisible, carnivore, speed 1, shaggy fur 1, slow metabolism 1, sharp paws
a: no special abilities


You were on level 2 of the Dungeon.
You were very full.

You visited 1 branch of the dungeon, and saw 2 of its levels.

You collected 48 gold pieces.

Inventory:

Jewellery
 d - an uncursed amulet of the acrobat
 f - an uncursed ring of see invisible {unknown}
 j - an uncursed ring of magical power {unknown}
Scrolls
 e - a scroll of remove curse {unknown}
 g - a scroll of amnesia {unknown}
 h - a scroll of enchant armour {unknown}
 i - a scroll of identify {unknown}
Potions
 c - a potion of magic {unknown}
Comestibles
 b - 2 rations


   Skills:
 + Level 4.0 Dodging
 + Level 5.1 Stealth
 - Level 1.0 Unarmed Combat
 - Level 2.0 Spellcasting
 - Level 4.4 Hexes


You had 3 spell levels left.
You knew the following spells:

 Your Spells              Type           Power        Failure   Level  Hunger
a - Corona                Hex            ###....      3%          1    #......
b - Ensorcelled Hibernat  Hex/Ice        #.....       13%         2    ###....

Your spell library contained the following spells:

 Spells                   Type           Power        Failure   Level  Hunger
 Confusing Touch          Hex            ###.....     11%         3    ###....
 Tukima's Dance           Hex            ###.....     11%         3    ###....
 Dazzling Flash           Conj/Hex       #.....       26%         3    ###....


Dungeon Overview and Level Annotations

Branches:
Dungeon (2/15)

Altars:


Innate Abilities, Weirdness & Mutations

You cannot wear armour.
You are incapable of wielding weapons or throwing items.
Your paws allow you to move quietly. (Stealth)
You have sharp claws.
You have razor-sharp teeth.
You have supernaturally acute eyesight. (SInv)
You are carnivorous and can eat meat at any time.
You cover ground quickly.
You are covered in fur. (AC +1)
You have a slow metabolism.
Your sharp claws are effective at attacking unaware monsters.


Message History

Aim: an adder (chance to defeat MR: 49%)
The adder resists with some effort.
The adder bites you.
You are poisoned.
The adder poisons you!
You feel sick.
You feel sick.
You feel sick.
Casting: Ensorcelled Hibernation (safe; 13% risk of failure)
Confirm with . or Enter, or press ? or * to list all spells.
Aiming: Ensorcelled Hibernation (safe; 13% risk of failure)
Press: ? - help, Shift-Dir - straight line, f/p - adder
Aim: an adder (chance to defeat MR: 49%)
The adder resists with some effort.
The adder bites you.
* * * LOW HITPOINT WARNING * * *
It was a potion of might.
You feel very mighty all of a sudden.
* * * LOW HITPOINT WARNING * * *
You feel sick. The adder bites you.
You die...

#####.###.....
#.............
#.....###..... ...# #.....#
... ...# #.....# # .#
...#.####....$#########....
...#.............S..$...#
...#..###.....#####.#.###
...#..##.....)..@S..#
...#..##.........####
...#..##.........#
^..#...#.........#
.#.##..#?##......#
.#.....#. #......# .#####.#
#......# .# #.# #......# .#
#.#


You could see an adder.

Vanquished Creatures
  2 dart slugs (D:1)
  2 leopard geckos (D:1)
  2 bats (D:1)
  2 giant cockroaches
  3 goblins
  2 hobgoblins (D:1)
  4 jackals
  3 kobolds (D:1)
  2 ball pythons (D:1)
  6 rats (D:1)
28 creatures vanquished.

Notes
Turn   | Place    | Note
-------+----------+-------------------------------------------
     0 | D:1      | DeadF the Felid Enchanter began the quest for the Orb.
     0 | D:1      | Reached XP level 1. HP: 7/7 MP: 4/4
   364 | D:1      | Reached XP level 2. HP: 4/11 MP: 6/6
  1002 | D:1      | Learned a level 2 spell: Ensorcelled Hibernation
  1720 | D:1      | Reached skill level 5 in Stealth
  1797 | D:1      | Reached XP level 3. HP: 13/14 MP: 0/7
  2392 | D:2      | Slain by an adder

Illustrated notes

Levels and vault maps discovered:
D:1:      saegor_arrival_under_anarchy, layout_basic
D:2:      layout_basic

Skill      XL: |  1  2  3 |
---------------+----------+-----
Dodging        | 3 4 |  4.0
Stealth        | 5 |  5.1
Unarmed Combat | |  1.0
Spellcasting   | |  2.0
Hexes          | |  4.4

Action                   || total
-------------------------++-------
Melee: Unarmed           ||    76
       Bite              ||     8
 Cast: Corona            ||     7
       Ensorcelled Hiber ||    22
  Use: Potion            ||     1
 Stab: Sleeping          ||    11
  Eat: Chunk             ||    11
Armor: Skin              ||    12
Dodge: Dodged            ||    98
